 Dungeon Crawl Stone Soup version 0.28.0-45-g0d030f2227 (webtiles) character file.

Game seed: 3505655169893708010

331 pkoi the Conjurer (level 6, 0/45 HPs)
             Began as a Demigod Conjurer on Apr 5, 2022.
             Slain by a scorpion (6 damage)
             ... on level 4 of the Dungeon.
             The game lasted 00:05:54 (5440 turns).

pkoi the Conjurer (Demigod Conjurer)                Turns: 5440, Time: 00:05:55

Health: 0/45       AC:  2    Str:  8    XL:     6   Next: 5%
Magic:  2/14       EV: 12    Int: 28    God:
Gold:   131        SH:  0    Dex: 12    Spells: 4/11 levels left

rFire   . . .      SeeInvis .   l - staff of poison
rCold   . . .      Faith    .   (no shield)
rNeg    . . .      Spirit   .   a - +0 robe
rPois   +          Reflect  .   (no helmet)
rElec   .          Harm     .   (no cloak)
rCorr   .          Rampage  .   (no gloves)
Will    .....                   (no boots)
Stlth   ++........              (no amulet)
HPRegen 0.15/turn               (no ring)
MPRegen 0.14/turn               (no ring)

@: no status effects
A: high MP 1, forlorn, divine attributes
a: no special abilities


You were on level 4 of the Dungeon.
You visited 1 branch of the dungeon, and saw 5 of its levels.

You collected 131 gold pieces.

Inventory:

Hand Weapons
 b - a +0 hand axe of venom
 e - a +4 dagger
Missiles
 m - 10 poisoned darts
Armour
 a - a +0 robe (worn)
 h - an orb of guile
Magical Staves
 l - a staff of poison (weapon)
Wands
 f - a wand of polymorph (10)
Scrolls
 c - 2 scrolls of immolation
 g - a scroll of torment {unknown}
 i - a scroll of teleportation
Potions
 d - 2 potions of curing
 j - a potion of lignification {unknown}
 k - a potion of magic


   Skills:
 - Level 1.7 Dodging
 - Level 1.7 Stealth
 + Level 3.3 Spellcasting
 * Level 5.8 Conjurations
 * Level 1.7 Translocations


You had 4 spell levels left.
You knew the following spells:

 Your Spells              Type           Power      Damage    Failure   Level
a - Magic Dart            Conj           100%       1d8       1%          1
b - Searing Ray           Conj           74%        2d7       1%          2
c - Iskenderun's Mystic   Conj/Tloc      25%        2d7       17%         4

Your spell library contained the following spells:

 Spells                   Type           Power      Damage    Failure   Level
 Dazzling Flash           Conj/Hex       40%        N/A       8%          3
 Fulminant Prism          Conj/Hex       10%        3d9       24%         4


Dungeon Overview and Level Annotations

Branches:
Dungeon (5/15)
 Temple: D:4-7

Annotations:
D:3 3 runed translucent doors, GilGalad's ghost, amateur DEIE


Innate Abilities, Weirdness & Mutations

You have an increased reservoir of magic. (+10% MP)
You shall have no god before yourself.
Your divine heritage dramatically boosts your attributes as you level up.


Message History

The searing ray hits the scorpion!
The scorpion is heavily wounded.
The searing ray hits the iguana.
The iguana is moderately wounded. (Press . to maintain the ray.)
You feel sick. The scorpion barely misses you.
The searing ray hits the scorpion but does no damage.
The scorpion is heavily wounded.
The searing ray hits the iguana.
The iguana is severely wounded.
You feel sick. The scorpion stings you.
* * * LOW HITPOINT WARNING * * *
Unknown command.
The searing ray hits the scorpion.
The scorpion is heavily wounded.
The searing ray hits the iguana.
You kill the iguana!
You feel sick. The scorpion stings you!
* * * LOW HITPOINT WARNING * * *
You have reached level 6!
Your experience leads to a dramatic increase in your attributes!
Increase (S)trength, (I)ntelligence, or (D)exterity?
You feel clever. x4
The searing ray hits the scorpion.
The scorpion is severely wounded.
You finish channelling your searing ray.
You feel sick.
You are no longer poisoned.
The scorpion barely misses you.
Unknown command.
Casting: Searing Ray (safe; 1% risk of failure)
Confirm with . or Enter, or press ? or * to list all spells.
Aiming: Searing Ray (safe; 1% risk of failure)
Press: ? - help, Shift-Dir - straight line, f - scorpion
Aim: a scorpion (severely wounded, 81% to hit)
The searing ray hits the scorpion.
The scorpion is almost dead. (Press . to maintain the ray.)
The scorpion stings you.
You die...

..........'.......'..'...........
.##########.......####.....###...
.# #.......# #.....# #... .#
####....########## #... .#
#######.#......# #### .#
#.......#...)..########### .#
#.......#.....)#.........# .#
#.......#......#.........# .#
#......>s@.....'.......... .#
#......##......#.........#
.#######......##......#.........#
.....(.....[..##......###########
########......##......#
#......##.()...#
######......#########
#.........### #.........#
###########


You could see a scorpion.

Vanquished Creatures
  2 orc priests (D:4)
  A gnoll shaman (D:3)
  A hound (D:4)
  An iguana (D:4)
  A hound skeleton (D:4)
  7 gnolls
  An adder (D:3)
  A howler monkey skeleton (D:4)
  A worm (D:4)
  An adder skeleton (D:4)
  A dart slug (D:3)
  4 orcs
  8 endoplasms
  5 giant cockroaches
  6 goblins
  11 hobgoblins
  7 kobolds
  5 quokkas
  7 ball pythons
  7 bats
  6 frilled lizards
  3 rats
87 creatures vanquished.

Notes
Turn   | Place    | Note
-------+----------+-------------------------------------------
     0 | D:1      | pkoi the Demigod Conjurer began the quest for the Orb.
     0 | D:1      | Reached XP level 1. HP: 14/14 MP: 5/5
   354 | D:1      | Reached XP level 2. HP: 20/20 MP: 2/7
   507 | D:1      | Reached skill level 4 in Conjurations
  1555 | D:2      | Reached XP level 3. HP: 25/26 MP: 7/9
  1570 | D:2      | Learned a level 2 spell: Searing Ray
  2470 | D:3      | Reached XP level 4. HP: 19/33 MP: 2/10
  2482 | D:3      | Found a runed translucent gate.
  2483 | D:3      | Found a runed translucent gate.
  2484 | D:3      | Found a runed translucent gate.
  2484 | D:3      | Noticed GilGalad's ghost (amateur DEIE)
  2653 | D:3      | Reached skill level 5 in Conjurations
  3859 | D:4      | Reached XP level 5. HP: 38/38 MP: 7/12
  3899 | D:4      | Learned a level 4 spell: Iskenderun's Mystic Blast
  4098 | D:4      | Reached skill level 1 in Translocations
  5289 | D:5      | Entered Level 5 of the Dungeon
  5307 | D:5      | Noticed an ogre
  5439 | D:4      | Reached XP level 6. HP: 7/45 MP: 5/14
  5440 | D:4      | Slain by a scorpion

Illustrated notes

Levels and vault maps discovered:
D:1:      minmay_arrival_nine_rooms, layout_basic,
          chequers_ecumenical_altar_simple, hangedman_decor_riveting,
          minmay_misc_feat_chi
D:2:      layout_basic
D:3:      layout_loops_ring, gammafunk_ghost_split
D:4:      layout_basic
D:5:      layout_gridville

Skill      XL: |  1  2  3  4  5 |
---------------+----------------+-----
Spellcasting   | 2 3 |  3.3
Conjurations   | 4 5 |  5.8
Translocations | 1 |  1.7
Dodging        | |  1.7
Stealth        | |  1.7

Action                   |  1- 3 |  4- 6 || total
-------------------------+-------+-------++-------
Melee: Dagger            |     9 |       ||     9
       Staff             |       |     2 ||     2
 Cast: Magic Dart        |    84 |    62 ||   146
       Searing Ray       |     2 |    16 ||    18
  Use: Scroll            |     1 |     8 ||     9
       Potion            |       |     1 ||     1
Armor: Robe              |     4 |     5 ||     9
Dodge: Dodged            |    12 |    16 ||    28
